cohdb
Replays
Latest Replays
All Replays
Popular Replays
Top Player Replays
Match Explorer
How It Works
Community
CoH3 Stats
Reddit
Sign in to upload your games and track your stats! →
Sign in with Steam
Match 44325995
Unlisted
Match 44325995
Overview
Messages
Build Orders
End
Selects Italian Combined Arms Battlegroup
Selects Bersaglieri Squad
Bersaglieri Squad
250 Light Carrier
Bersaglieri Squad
Construct Light Support Kompanie
Bersaglieri Squad
Selects Bersaglieri Bolster
Fire Support Elements
2.5-tonne Medical Truck
Selects Breda Model 30 Light Machine Guns
Flakvierling Half-track
Pak 38 Anti-tank Gun Team
Pak 38 Mechanized Group
Construct Panzerarmee Kommand
Combat Half-tracks
Bersaglieri Squad
Panzer III L Medium Tank
Selects Semovente da 75/18 Assault Gun
Selects Strafing Run
Strafing Run
Panzer III L Medium Tank
Selects Artillery Cover
vaL_HD
daShark 6
Valar[M]orgHulis
Chunow
HaloMaster117
mreledil
清里せんめ[Monster™]
午睡红茶
0
0
Comments
sign in to comment!
No comments posted yet!